 Dungeon Crawl Stone Soup version 0.28-a0-1236-gb25a51b929 (webtiles) character file.

Game seed: 4959567303404302099

45 krixvar the Shield-Bearer (level 3, -5/23 HPs)
             Began as a Gargoyle Fighter on Dec 25, 2021.
             Slain by a goblin (6 damage)
             ... led by Robin
             ... on level 2 of the Dungeon.
             The game lasted 00:02:04 (1824 turns).

krixvar the Shield-Bearer (Gargoyle Fighter)        Turns: 1824, Time: 00:02:05

Health: -5/23      AC: 10    Str: 20 (21) XL:     3   Next: 64%
Magic:  3/3        EV: 10    Int:  7 (8)  God:
Gold:   27         SH:  4    Dex:  7 (9)  Spells: 2/2 levels left

rFire   . . .      SeeInvis .   a - +0 flail
rCold   . . .      Faith    .   c - +0 buckler
rNeg    + . .      Spirit   .   b - +0 scale mail
rPois   ∞          Reflect  .   (no helmet)
rElec   +          Harm     .   (no cloak)
rCorr   .          Rampage  .   (no gloves)
Will    .....                   (no boots)
Stlth   ..........              (no amulet)
HPRegen 0.07/turn               (no ring)
MPRegen 0.08/turn               (no ring)

@: mighty
A: sickness immunity, AC +3, negative energy resistance 1, electricity
resistance, torment resistance 1, petrification resistance
a: no special abilities


You were on level 2 of the Dungeon.
You visited 1 branch of the dungeon, and saw 2 of its levels.

You collected 27 gold pieces.

Inventory:

Hand Weapons
 a - a +0 flail (weapon)
Missiles
 e - 40 stones (quivered)
 f - 21 arrows
Armour
 b - a +0 scale mail (worn)
 c - a +0 buckler (worn)
Scrolls
 h - a scroll of identify


   Skills:
 - Level 3.2 Fighting
 - Level 2.0 Maces & Flails
 - Level 3.2 Armour
 + Level 2.5 Dodging
 + Level 0.4 Stealth
 - Level 3.2 Shields


You had 2 spell levels left.
You didn't know any spells.
Your spell library was empty.

Dungeon Overview and Level Annotations

Branches:
Dungeon (2/15)

Altars:

Annotations:
D:2 Robin


Innate Abilities, Weirdness & Mutations

You are immune to sickness and miasma.
Your stone body is resilient. (AC +3)
You are immune to poison.
You resist negative energy. (rN+)
You are resistant to electric shocks. (rElec)
You are resistant to unholy torment.
You are immune to petrification.


Message History

The goblin closely misses you.
The goblin hits you but does no damage. x2
The goblin barely misses you.
The goblin unwields a +0 vorpal hunting sling.
The goblin wields a +0 club.
The goblin closely misses you. The goblin barely misses you.
The goblin hits you but does no damage. x2
The goblin closely misses you.
You feel very mighty all of a sudden. The goblin hits you but does no damage.
The goblin hits you with a +0 club. The goblin hits you but does no damage.
The goblin hits you with a +0 dagger. The goblin hits you but does no damage.
You barely miss the goblin. The goblin hits you with a +0 club.
Robin roars a battlecry!
The goblins go into a battle-frenzy!
The goblin completely misses you. The goblin hits you with a +0 club.
The goblin hits you but does no damage. x2
You hit the goblin.
You kill the goblin!
The goblin barely misses you. The goblin closely misses you. x2
The goblin barely misses you.
You barely miss the goblin. You block the goblin's attack.
The goblin hits you but does no damage. x4
Robin roars a battlecry!
The goblin goes into a battle-frenzy!
The goblin hits you but does no damage. The goblin hits you with a +0 dagger.
* * * LOW HITPOINT WARNING * * *
The goblin hits you but does no damage.
You closely miss the goblin. The goblin closely misses you.
The goblin misses you. The goblin barely misses you.
You block the goblin's attack. The goblin hits you but does no damage.
You block the goblin's attack.
You barely miss the goblin. You block the goblin's attack. x2
The goblin hits you with a +0 club.
* * * LOW HITPOINT WARNING * * *
The goblin hits you but does no damage. x3
You miss the goblin. Robin throws the goblin at you!
The goblin hits you but does no damage. x2; The goblin closely misses you.
The goblin hits you but does no damage. The goblin completely misses you.
The goblin barely misses you. The goblin hits you but does no damage.
The goblin barely misses you. The goblin hits you with a +0 club.
You die...

#.#..#...#..#### .......
...........#..# ..g....
...........#..### .g.....
....#...........#
.g#.g..##.###......#..#.#
..g.............##..#.#
g...ggg.......##..#.#
.##.##.##g###.....##..#.##
.)....gwg@g.......##.....#
.......gggg.......##.#####
.##..#..#####.#.####.#
.....[..#####.#)####.#####
.........................#
.##.....#######.####.#####
...............# #.#
##..#..#######.# ### #.#


You could see a worm, Robin, a hobgoblin (strong) and 9 goblins.

Vanquished Creatures
  An adder (D:2)
  A dart slug (D:1)
  5 endoplasms (D:1)
  3 giant cockroaches
  A hobgoblin (D:1)
  4 quokkas (D:1)
  3 ball pythons (D:1)
  A bat (D:2)
  2 frilled lizards (D:2)
  5 goblins
  5 kobolds (D:1)
  2 rats
33 creatures vanquished.

Notes
Turn   | Place    | Note
-------+----------+-------------------------------------------
     0 | D:1      | krixvar the Gargoyle Fighter began the quest for the Orb.
     0 | D:1      | Reached XP level 1. HP: 14/14 MP: 1/1
   164 | D:1      | Reached skill level 1 in Dodging
   487 | D:1      | Reached XP level 2. HP: 19/19 MP: 2/2
  1138 | D:1      | Reached XP level 3. HP: 21/23 MP: 3/3
  1808 | D:2      | Noticed Robin
  1823 | D:2      | HP: 1/23 [goblin[Robin] (5)]
  1824 | D:2      | Slain by a goblin

Illustrated notes

Levels and vault maps discovered:
D:1:      minmay_arrival_statue_studded, layout_loops_ring
D:2:      layout_basic, basic_ecumenical_altar, uniq_robin,
          uniq_crazy_yiuf_cottage

Skill      XL: |  1  2 |
---------------+-------+-----
Dodging        | 1 2 |  2.5
Fighting       | |  3.2
Maces & Flails | |  2.0
Armour         | |  3.2
Stealth        | |  0.4
Shields        | |  3.2

Action                   || total
-------------------------++-------
Melee: Flail             ||   139
  Use: Scroll            ||     4
       Potion            ||     2
Armor: Scale mail        ||    98
Dodge: Dodged            ||   106
Block: Buckler           ||    38

Table legend: (Time is in decaauts)
 A = Elapsed time spent in this place.
 B = Non-inter-level travel time spent in this place.
 C = Inter-level travel time spent in this place.
 D = Time resting spent in this place.
 E = Time spent auto-exploring this place.
 F = Levels seen in this place.
 G = Mean time per level.
                   A        B        C        D        E       F      G
               +--------+--------+--------+--------+--------+-----+--------+
         Total |   1866 |   1854 |     12 |    919 |    648 |   2 |  933.0 |
       Dungeon |   1866 |   1854 |     12 |    919 |    648 |   2 |  933.0 |
               +--------+--------+--------+--------+--------+-----+--------+

Top non-repeatable levels by time:
     D:1: 1422 daAuts
     D:2: 444 daAuts
